 Dungeon Crawl Stone Soup version 0.31.0 (webtiles) character file.

Game seed: 14126874772700278108

997 qw the Skirmisher (level 8, -6/49 HPs)
             Began as a Gargoyle Hunter on Jan 19, 2024.
             Killed by divine providence
             ... invoked by an orc priest
              (9 damage)
             ... on level 5 of the Dungeon.
             The game lasted 00:00:21 (3430 turns).

qw the Skirmisher (Gargoyle Hunter)                 Turns: 3430, Time: 00:00:21

Health: -6/49      AC: 21    Str: 15    XL:     8   Next: 19%
Magic:  0/8        EV: 12    Int: 10    God:
Gold:   307        SH:  0    Dex: 15    Spells: 7/7 levels left

rFire   + + .        a - +1 shortbow
rCold   . . .        (shield currently unavailable)
rNeg    + . .        d - +1 robe {rF+}
rPois   inf          q - +2 helmet
rElec   +            (no cloak)
rCorr   .            g - +2 pair of gloves
SInv    .            h - +2 pair of boots
Will    .....        k - amulet of guardian spirit
Stlth   ++           e - ring of protection from fire
HPRegen 0.28/turn    m - +4 ring of protection
MPRegen 0.11/turn

%: guardian spirit
@: no status effects
A: sickness immunity, AC +5, negative energy resistance 1, electricity
resistance, torment resistance 1, petrification resistance
a: no special abilities


You were on level 5 of the Dungeon.
You visited 2 branches of the dungeon, and saw 6 of its levels.

You collected 346 gold pieces.
You spent 39 gold pieces at shops.


Innate Abilities, Weirdness & Mutations

You are immune to sickness and miasma.
Your stone body is resilient. (AC +5)
You are immune to poison.
You resist negative energy. (rN+)
You are resistant to electric shocks. (rElec)
You are resistant to unholy torment.
You are immune to petrification.


   Skills:
 - Level 5.0 Fighting
 + Level 8.8 Ranged Weapons
 - Level 1.0 Armour
 - Level 2.5 Dodging
 - Level 1.1 Stealth


You had 7 spell levels left.
You didn't know any spells.
Your spell library was empty.

Inventory:

Hand Weapons
 a - a +1 shortbow (weapon)
Armour
 c - a +0 leather armour
 d - a +1 robe of fire resistance (worn)
 g - a +2 pair of gloves (worn)
 h - a +2 pair of boots (worn)
 q - a +2 helmet (worn)
Jewellery
 e - a ring of protection from fire (left hand)
 k - an amulet of guardian spirit (around neck)
 m - a +4 ring of protection (right hand)
Scrolls
 p - a scroll of poison {unknown}
Potions
 b - 2 potions of resistance
 f - 2 potions of curing
 i - 3 potions of might
 j - a potion of mutation
 l - a potion of berserk rage {unknown}
 n - a potion of heal wounds {unknown}
 o - a potion of attraction {unknown}
 r - a potion of haste {unknown}
 s - a potion of ambrosia {unknown}

Dungeon Overview and Level Annotations

Branches:
Dungeon (5/15)             Temple (1/1) D:5

Altars:
Ashenzari
Cheibriados
Elyvilon
Fedhas
Hepliaklqana
Kikubaaqudgha
Makhleb
Nemelex Xobeh
Qazlal
Ru
Sif Muna
Trog
Uskayaw
Vehumet
Xom
Yredelemnul
Zin

Shops:
D:1 !

Annotations:
D:5 3 runed translucent doors, qw's ghost, novice GrHu


Message History

The orc priest looks satisfied for a moment.
The orc priest mumbles some strange prayers to Beogh against you.
Beogh smites you!
You shoot an arrow. The arrow barely misses the orc priest.
The orc priest miscasts a cantrip.
You shoot an arrow.
The arrow hits the orc priest but does no damage.
The orc priest is lightly wounded.
The orc priest hits you with a +0 hand axe.
The orc priest hits you but does no damage.
You shoot an arrow. The arrow hits the orc priest.
The orc priest is moderately wounded.
The orc priest invokes the aid of Beogh against you.
Pain shoots through your body!
The orc priest invokes the aid of Beogh against you.
Beogh smites you!
The orc priest hits you but does no damage.
You shoot an arrow. The arrow hits the orc priest.
The orc priest is heavily wounded.
The orc priest hits you but does no damage.
The orc priest misses you.
You shoot an arrow.
The arrow closely misses the orc priest.
The orc priest looks encouraged for a moment.
The orc priest mumbles some strange prayers to Beogh against you.
Pain shoots through your body!
You shoot an arrow. The arrow hits the orc priest.
The orc priest is severely wounded.
The orc priest invokes the aid of Beogh against you.
Pain shoots through your body!
The orc priest mumbles some strange prayers to Beogh against you.
Beogh smites you!
You shoot an arrow. The arrow hits the orc priest.
The orc priest is almost dead.
The orc priest hits you but does no damage. x2
You shoot an arrow. The arrow hits the orc priest!
You kill the orc priest!
The orc priest mumbles some strange prayers to Beogh against you.
Beogh smites you!
You die...

############.#
#...........# #.#
#..###.####.# #.# #..#
#.# #.# ########..# #)#
#.# (..(#..#.># #.# #.#
(...#..#..# #.# #.#
..(.+..#.## #.# #.#
....+....# #.# #.#
.(.W+..)@# #.# #.#
...(#..#o# ##.## #.#
....#..#o###...###.#
########...........#
########.###.###...#####
#...(.%.......###.##
#)######........#.#
####.# #####..#.#.#
#....# #..#.#.#


You could see 2 orc priests and qw's ghost.

Vanquished Creatures
  Grinder (D:5)
  A water moccasin (D:5)
  An ogre (D:5)
  A bombardier beetle (D:5)
  4 hounds (D:5)
  A sleepcap (D:5)
  2 orc priests
  A gnoll bouda (D:5)
  An iguana (D:5)
  Natasha (thrice) (D:4)
  3 orc wizards
  Robin (D:4)
  6 adders
  5 gnolls (D:5)
  3 dart slugs
  8 orcs
  4 ball pythons
  4 bats
  4 endoplasms
  7 giant cockroaches
  12 goblins
  7 hobgoblins
  5 jackals
  A quokka (D:1)
  4 frilled lizards
  3 kobolds
  3 rats
96 creatures vanquished.

Notes
Turn   | Place    | Note
-------+----------+-------------------------------------------
     0 | D:1      | qw the Gargoyle Hunter began the quest for the Orb.
     0 | D:1      | Reached XP level 1. HP: 12/12 MP: 1/1
     0 | D:1      | 0 ||| qw: Version: 0.3-a-132-g3d54051
     0 | D:1      | 0 ||| qw: Game counter: 169
     0 | D:1      | 0 ||| qw: Melee chars always use a shield: true
     0 | D:1      | 0 ||| qw: God list: Okawaru
     0 | D:1      | 0 ||| qw: Allow faded altars: false
     0 | D:1      | 0 ||| qw: Do Orc after clearing Dungeon:15 true
     0 | D:1      | 0 ||| qw: Do second Lair branch before Depths: true
     0 | D:1      | 0 ||| qw: Lair rune preference: random
     0 | D:1      | 0 ||| qw: Goals: Normal
     0 | D:1      | 0 ||| PLANNING D:1-11
   139 | D:1      | Reached XP level 2. HP: 17/17 MP: 2/2
   483 | D:1      | Found Ompiatt's Distillery.
   486 | D:1      | 486 ||| BUYING potion of curing (39 gold).
   486 | D:1      | Bought a potion of curing for 39 gold pieces
   486 | D:1      | 486 ||| SHOPLISTING potion of curing (39 gold, have 24).
   486 | D:1      | 486 ||| SHOPLISTING potion of heal wounds (65 gold, have
                  | 24).
   755 | D:1      | 755 ||| UPGRADING to +0 pair of gloves.
   760 | D:1      | 760 ||| READING 2 scrolls labelled UTEMALL DAEPT.
   761 | D:1      | 761 ||| READING scroll labelled COTOT UCOFFAKO.
   762 | D:1      | 762 ||| READING scroll labelled KOXIS ORUETOSS.
   762 | D:1      | 762 ||| IDENTIFYING cyan potion
   763 | D:1      | 763 ||| DROPPING scroll of butterflies.
   764 | D:1      | 764 ||| DROPPING scroll of fear.
   815 | D:2      | Reached XP level 3. HP: 21/21 MP: 3/3
   869 | D:2      | Reached skill level 5 in Ranged Weapons
  1190 | D:2      | 1190 ||| DROPPING amulet of magic regeneration.
  1191 | D:2      | 1191 ||| UPGRADING to amulet of guardian spirit.
  1196 | D:2      | 1196 ||| UPGRADING to ring of protection from fire.
  1197 | D:2      | 1197 ||| READING 2 scrolls of identify.
  1197 | D:2      | 1197 ||| IDENTIFYING murky puce potion
  1198 | D:2      | 1198 ||| READING scroll of identify.
  1198 | D:2      | 1198 ||| IDENTIFYING fuming pink potion
  1199 | D:2      | 1199 ||| DROPPING potion of lignification.
  1207 | D:3      | 1207 ||| STAIRDANCE
  1341 | D:3      | Reached skill level 3 in Fighting
  1372 | D:3      | Reached XP level 4. HP: 28/28 MP: 4/4
  1386 | D:3      | 1386 ||| FLEEEEING.
  1458 | D:3      | 1458 ||| UPGRADING to +0 pair of boots.
  1738 | D:3      | Reached XP level 5. HP: 32/32 MP: 5/5
  1744 | D:3      | Reached skill level 1 in Armour
  1853 | D:3      | 1853 ||| UPGRADING to +4 ring of protection.
  1854 | D:3      | 1854 ||| READING scroll labelled XERI FEMIOPAMEI.
  1955 | D:3      | 1955 ||| READING scroll labelled UNUNANAGUXA.
  1955 | D:3      | 1955 ||| ENCHANTING +0 pair of gloves.
  1982 | D:4      | Noticed Natasha
  1989 | D:4      | Killed Natasha
  1990 | D:4      | Reached skill level 6 in Ranged Weapons
  1990 | D:4      | 1990 ||| FLEEEEING.
  1997 | D:4      | 1997 ||| STAIRDANCE
  2179 | D:4      | 2179 ||| DRINKING 3 potions of curing.
  2179 | D:4      | 2179 ||| (to cure confusion)
  2184 | D:4      | Noticed Natasha
  2194 | D:4      | Killed Natasha
  2260 | D:4      | Noticed Natasha
  2269 | D:4      | Killed Natasha
  2270 | D:4      | Reached XP level 6. HP: 38/38 MP: 6/6
  2307 | D:4      | Noticed Robin
  2314 | D:4      | Killed Robin
  2378 | D:4      | 2378 ||| READING 3 scrolls of enchant armour.
  2378 | D:4      | 2378 ||| ENCHANTING +1 pair of gloves.
  2379 | D:4      | 2379 ||| READING 2 scrolls of enchant armour.
  2379 | D:4      | 2379 ||| ENCHANTING +0 pair of boots.
  2380 | D:4      | 2380 ||| READING scroll of enchant armour.
  2380 | D:4      | 2380 ||| ENCHANTING +1 pair of boots.
  2573 | D:4      | 2573 ||| UPGRADING to +1 robe of fire resistance.
  2583 | D:4      | 2583 ||| UPGRADING to +1 helmet.
  2588 | D:4      | 2588 ||| READING scroll of identify.
  2588 | D:4      | 2588 ||| IDENTIFYING golden potion
  2589 | D:4      | 2589 ||| READING scroll labelled HAPROS TITHEZY.
  2589 | D:4      | 2589 ||| ENCHANTING +0 shortbow.
  2590 | D:4      | 2590 ||| READING scroll labelled IBYUNNE POLA.
  2615 | D:5      | Entered Level 5 of the Dungeon
  2634 | D:5      | Noticed a water moccasin
  2649 | D:5      | Killed a water moccasin
  2650 | D:5      | Reached skill level 7 in Ranged Weapons
  2684 | D:5      | Reached XP level 7. HP: 41/43 MP: 7/7
  2849 | D:5      | Found a staircase to the Ecumenical Temple.
  2850 | D:5      | 2850 ||| PLANNING TEMPLE
  2857 | Temple   | Entered the Ecumenical Temple
  2858 | Temple   | 2858 ||| PLANNING D:1-11
  2874 | D:5      | 2874 ||| READING scroll of enchant armour.
  2874 | D:5      | 2874 ||| ENCHANTING +1 helmet.
  2897 | D:5      | Noticed Grinder
  2908 | D:5      | Killed Grinder
  2909 | D:5      | Reached skill level 8 in Ranged Weapons
  2909 | D:5      | 2909 ||| FLEEEEING.
  3046 | D:5      | Reached XP level 8. HP: 46/48 MP: 6/8
  3084 | D:5      | 3084 ||| FLEEEEING.
  3270 | D:5      | Found a glowing silver altar of Zin.
  3406 | D:5      | Found a runed translucent gate.
  3406 | D:5      | Found a runed translucent gate.
  3406 | D:5      | Noticed qw's ghost (novice GrHu)
  3407 | D:5      | Found a runed translucent gate.
  3427 | D:5      | HP: 12/49 [orc priest/nerve-wracking pain (1)]
  3428 | D:5      | HP: 3/49 [orc priest/divine providence (9)]
  3430 | D:5      | Killed from afar by an orc priest

Levels and vault maps discovered:
D:1:      scummos_arrival_forest, layout_basic, serial_shops,
          nicolae_shop_behind_doors
D:2:      layout_rooms
D:3:      wad_lake_hut, layout_rooms
D:4:      layout_cave_pools, nicolae_concentric_dashed_squares_mild,
          uniq_natasha, uniq_robin
D:5:      layout_loops_ring, zin_statuary, minmay_temple_entry_butterflies,
          ebering_ghost_rock_garden, uniq_grinder
Temple:   nicolae_temple_bog_church

Skill      XL: |  1  2  3  4  5  6  7  8 |
---------------+-------------------------+-----
Ranged Weapons | 5 6 7 8 |  8.8
Fighting       | 3 4 5 |  5.0
Armour         | 1 |  1.0
Dodging        | 2 |  2.5
Stealth        | |  1.1

Action                     |  1- 3 |  4- 6 |  7- 9 || total
---------------------------+-------+-------+-------++-------
   Fire: Shortbow          |    98 |   158 |   134 ||   390
    Use: Scroll            |     5 |     8 |     1 ||    14
         Potion            |       |     1 |       ||     1
 Armour: Leather armour    |    20 |    22 |       ||    42
         Robe              |       |    18 |    68 ||    86
  Dodge: Dodged            |    34 |    35 |    59 ||   128

Table legend:
 A = Non-vault XP
 B = Vault XP
 C = Vault XP percentage of total XP
 D = Non-vault monster count
 E = Vault monster count
 F = Vault count percentage of total count
                 A         B        C        D         E       F
            +---------+---------+-------+---------+---------+-------
      Total |    1131 |     335 |  22.9 |      83 |      13 |  13.5
            +---------+---------+-------+---------+---------+-------
        D:1 |      31 |       0 |   0.0 |      16 |       0 |   0.0
        D:2 |      18 |       0 |   0.0 |      11 |       0 |   0.0
        D:3 |     126 |       0 |   0.0 |      20 |       0 |   0.0
        D:4 |     149 |      68 |  31.3 |      12 |      12 |  50.0
        D:5 |     807 |     267 |  24.9 |      24 |       1 |   4.0
            +---------+---------+-------+---------+---------+-------
